 Dungeon Crawl Stone Soup version 0.23.2-1-ga50397a (webtiles) character file.

Game seed: 360870177517768241

2427 night the Slinger (level 9, -16/79 HPs)
             Began as a Deep Dwarf Hunter on Apr 27, 2019.
             Was a Follower of Makhleb.
             Demolished by a two-headed ogre
             ... wielding a +0 dire flail
              (24 damage)
             ... on level 8 of the Dungeon on Apr 28, 2019.
             The game lasted 00:24:18 (6488 turns).

night the Slinger (Deep Dwarf Hunter)               Turns: 6488, Time: 00:24:18

Health: -16/79     AC:  8    Str: 20    XL:     9   Next: 24%
Magic:  6/6        EV: 11    Int: 14    God:    Makhleb [*.....]
Gold:   367        SH:  0    Dex: 16    Spells: 7/8 levels left

rFire    . . .     SeeInvis .   b - +5 trident of Trog's Generosity {venom, rElec rPois Dex+3}
rCold    . . .     Gourm    .   (no shield)
rNeg     . . .     Faith    .   u - +0 scale mail
rPois    +         Spirit   .   (no helmet)
rElec    +         Reflect  .   (no cloak)
rCorr    .         Harm     .   j - +1 pair of gloves
MR       +....                  (no boots)
Stlth    ..........             (no amulet)
HPRegen  0.00/turn              g - +3 ring of intelligence
MPRegen  0.10/turn              (no ring)

@: non-regenerating
A: damage resistance, heal wounds, sense surroundings 2, no regeneration
a: Heal Wounds, Renounce Religion


You were on level 8 of the Dungeon.
You worshipped Makhleb.
Makhleb was aware of your devotion.
You were near starving.

You visited 2 branches of the dungeon, and saw 9 of its levels.
You also visited: Ossuary.

You collected 367 gold pieces.

Inventory:

Hand Weapons
 a - a +2 hunting sling
 b - the +5 trident of Trog's Generosity (weapon) {venom, rElec rPois Dex+3}
   (You found it on level 4 of the Dungeon)

   It poisons the flesh of those it strikes.
   It affects your dexterity (+3).
   It insulates you from electricity.
   It protects you from poison.
 A - a +0 flail
Missiles
 d - 32 sling bullets
 p - 5 steel tomahawks
 t - 204 stones (quivered)
 v - 4 javelins
 x - 7 tomahawks
Armour
 c - a +0 leather armour
 j - a +1 pair of gloves (worn)
 r - a +0 chain mail
 u - a +0 scale mail (worn)
Jewellery
 g - a +3 ring of intelligence (left hand)
 E - a +2 ring of intelligence
 K - the ring "Boiraerph" {MR+ Dex+3 SInv}
   (You took it off an orc on level 6 of the Dungeon)

   [ring of protection from magic]

   It affects your dexterity (+3).
   It affects your resistance to hostile enchantments.
   It lets you see invisible.
Wands
 y - a wand of iceblast (2)
 D - a wand of polymorph (2)
 F - a wand of acid (5)
 H - a wand of digging (5)
Scrolls
 h - 3 scrolls of identify
 i - 7 scrolls of teleportation
 k - 5 scrolls of remove curse
 n - 6 scrolls of enchant armour
 o - 2 scrolls of magic mapping
 q - a scroll of fear
 w - 2 scrolls of enchant weapon
 C - a scroll of fog
Potions
 e - 6 potions of curing
 l - a potion of flight {unknown}
 m - 2 potions of haste
 s - a potion of invisibility {unknown}
 z - a potion of agility
 B - 2 potions of might
 G - 5 potions of brilliance
Comestibles
 f - 16 rations
 I - 2 chunks of flesh


   Skills:
 + Level 4.5 Fighting
 - Level 6.6 Maces & Flails
 + Level 5.4 Polearms
 - Level 8.3 Slings
 - Level 2.1 Dodging
 - Level 1.2 Stealth
 + Level 3.8 Invocations


You had 7 spell levels left.
You knew the following spells:

 Your Spells              Type           Power        Failure   Level  Hunger
a - Confusing Touch       Hex            #.....       65%         1    ##.....

Your spell library contained the following spells:

 Spells                   Type           Power        Failure   Level  Hunger
 Confuse                  Hex            #.......     95%         3    ####...
 Gell's Gravitas          Tloc           #.........   95%         3    ####...
 Petrify                  Tmut/Erth      #.......     100%        4    #####..
 Metabolic Englaciation   Hex/Ice        #.........   100%        5    ######.
 Yara's Violent Unravell  Hex/Tmut       #.........   100%        5    ######.


Dungeon Overview and Level Annotations

Branches:
Dungeon (8/15)             Temple (1/1) D:6
   Lair: D:8-11

Altars:
Ashenzari
Cheibriados
Dithmenos
Elyvilon
Fedhas
Gozag
Hepliaklqana
Kikubaaqudgha
Makhleb
Nemelex Xobeh
Okawaru
Qazlal
Ru
Sif Muna
Trog
Uskayaw
Vehumet
Wu Jian
Xom
Yredelemnul
Zin
The Shining One


Innate Abilities, Weirdness & Mutations

You are resistant to damage.
You can heal yourself by infusing magical energy.
You passively map the area around you.
You do not regenerate.


Message History

The hound is almost dead.
You kill the hound!
Makhleb accepts your kill.
You puncture the two-headed ogre!
The two-headed ogre is poisoned.
The two-headed ogre is moderately wounded.
The two-headed ogre hits you with a +0 dire flail!
* * * LOW HITPOINT WARNING * * *
The two-headed ogre hits you with a +0 giant club.
* * * LOW HITPOINT WARNING * * *
You see here a ration.
You feel much better.
The two-headed ogre hits you with a +0 dire flail!!
* * * LOW HITPOINT WARNING * * *
The two-headed ogre hits you with a +0 giant club!!
* * * LOW HITPOINT WARNING * * *
You feel much better.
The two-headed ogre hits you with a +0 dire flail!
* * * LOW HITPOINT WARNING * * *
The two-headed ogre hits you with a +0 giant club!!
You die...

, , , , ,, * * , ,
........ * , , , .,
...#... # # , , , *#.
, ..... ,.#.. , ,, ,
, ##.# ..>####.... ,
, #...# ##...........
* * , ((...##.......#
..# 8*** , ,
(.(...........##..#8*
,..(((...%O@......#*
,, ,,
###.(()#........# , ,
####)##.......# , , ,
#.).#.....#.# ,,
................#.# ,
,
.o.###...#......#.#,*
, , , ##..#........##
, , ,, ........#.#..#
, * , ,
..##......##..###,* #


You could see a two-headed ogre.

Vanquished Creatures
  A fire bat (D:4)
  A phantom (D:7)
  2 orc warriors
  A necrophage (D:7)
  An ogre (D:6)
  2 sky beasts
  3 bullfrogs
  3 scorpions
  4 killer bees (D:7)
  4 howler monkeys
  2 crimson imps
  A bullfrog zombie (D:7)
  2 centaur zombies (Ossuary)
  A human zombie (Ossuary)
  2 hounds
  3 orc priests
  An iguana (D:7)
  7 orc wizards
  3 worker ants
  A big kobold zombie (Ossuary)
  A hound zombie (D:7)
  3 mummies
  A worker ant zombie (D:7)
  8 gnolls
  7 adders
  An ooze (D:1)
  An adder skeleton (D:4)
  5 worms
  2 leopard geckos
  21 orcs
  7 giant cockroaches
  5 goblins
  4 hobgoblins
  12 jackals
  8 kobolds
  A ball python (D:2)
  4 bats
  4 frilled lizards
  A goblin zombie (Ossuary)
  12 hobgoblin zombies (Ossuary)
  A jackal skeleton (D:7)
  A jackal zombie (Ossuary)
  11 kobold zombies (Ossuary)
  A leopard gecko skeleton (D:4)
  7 orc zombies (Ossuary)
  5 rats
  A rat zombie (Ossuary)
180 creatures vanquished.

Notes
Turn   | Place    | Note
-------+----------+-------------------------------------------
     0 | D:1      | night the Deep Dwarf Hunter began the quest for the Orb.
     0 | D:1      | Reached XP level 1. HP: 19/19 MP: 1/1
   278 | D:1      | Reached XP level 2. HP: 26/26 MP: 2/2
   365 | D:1      | Reached skill level 1 in Maces & Flails
   411 | D:1      | Reached skill level 5 in Slings
   986 | D:2      | Reached XP level 3. HP: 24/32 MP: 3/3
  1537 | D:3      | Noticed a sky beast
  1576 | D:3      | Killed a sky beast
  1576 | D:3      | Reached XP level 4. HP: 20/39 MP: 3/3
  1576 | D:3      | Reached XP level 5. HP: 23/45 MP: 4/4
  1725 | D:3      | Found a faded altar of an unknown god.
  2109 | D:3      | Reached skill level 6 in Slings
  2139 | D:3      | Reached XP level 6. HP: 8/52 MP: 4/4
  2440 | D:4      | Found a shattered altar of Ashenzari.
  2716 | D:4      | Reached skill level 5 in Maces & Flails
  3100 | D:4      | Noticed an orc warrior
  3112 | D:4      | Killed an orc warrior
  3112 | D:4      | Reached XP level 7. HP: 36/58 MP: 3/3
  3122 | D:4      | Noticed a fire bat
  3122 | D:4      | a black bear changed into a fire bat
  3134 | D:4      | Killed a fire bat
  3134 | D:4      | Reached skill level 7 in Slings
  3219 | D:4      | Got a crystal trident
  3220 | D:4      | Identified the +5 trident of Trog's Generosity {venom,
                  | rElec rPois Dex+3} (You found it on level 4 of the Dungeon)
  3521 | D:5      | Entered Level 5 of the Dungeon
  3538 | D:5      | Found an opulent altar of Gozag.
  3822 | D:5      | Reached skill level 1 in Polearms
  4112 | D:6      | Found a sand-covered staircase.
  4119 | Ossuary  | Entered an ossuary
  4358 | Ossuary  | Reached XP level 8. HP: 38/66 MP: 4/4
  4525 | D:6      | Reached skill level 8 in Slings
  4754 | D:6      | Found a sparkling altar of Nemelex Xobeh.
  4834 | D:6      | Identified the ring "Boiraerph" {MR+ Dex+3 SInv}
  4848 | D:6      | Found a staircase to the Ecumenical Temple.
  4858 | Temple   | Entered the Ecumenical Temple
  4877 | Temple   | Became a worshipper of Makhleb the Destroyer
  5419 | D:7      | Reached skill level 1 in Invocations
  5643 | D:7      | Reached skill level 5 in Polearms
  5643 | D:7      | Gained mutation: You passively map the area around you.
                  | [Deep Dwarf growth]
  5643 | D:7      | Reached XP level 9. HP: 40/78 MP: 5/5
  5740 | D:7      | Learned a level 1 spell: Confusing Touch
  6443 | D:8      | Reached * piety under Makhleb
  6477 | D:8      | Noticed a two-headed ogre
  6487 | D:8      | HP: 2/79 [two-headed ogre/+0 dire flail (14)]
  6488 | D:8      | Demolished by a two-headed ogre

Skill      XL: |  1  2  3  4  5  6  7  8  9 |
---------------+----------------------------+-----
Maces & Flails | 1 3 4 6 |  6.6
Slings         | 5 6 7 8 |  8.3
Polearms       | 2 5 |  5.4
Fighting       | 4 |  4.5
Invocations    | 2 3 |  3.8
Dodging        | |  2.1
Stealth        | |  1.2

Action                   |  1- 3 |  4- 6 |  7- 9 || total
-------------------------+-------+-------+-------++-------
Melee: Mace              |    70 |    37 |       ||   107
       Flail             |       |    61 |       ||    61
       Trident           |       |       |   235 ||   235
 Fire: Hunting sling     |    72 |   107 |   115 ||   294
 Abil: Heal Wounds       |     1 |     4 |     5 ||    10
Evoke: Wand              |       |     1 |    10 ||    11
  Use: Scroll            |       |       |    15 ||    15
  Eat: Chunk             |     2 |     5 |     9 ||    16
Armor: Leather armour    |    10 |       |       ||    10
       Chain mail        |    37 |       |       ||    37
       Scale mail        |    17 |    69 |    80 ||   166
Dodge: Dodged            |    38 |    68 |   122 ||   228
